 Dungeon Crawl Stone Soup version 0.28-a0-724-g66f9036eb4 (webtiles) character file.

Game seed: 14942371253913089256

1102 Anon1729 the Skirmisher (level 8, -4/106 HPs)
             Began as a Purple Draconian Berserker on Oct 26, 2021.
             Was an Elder of Trog.
             Slain by a gnoll sergeant (11 damage)
             ... on level 5 of the Dungeon.
             The game lasted 00:08:18 (5942 turns).

Anon1729 the Skirmisher (DrBe)                      Turns: 5942, Time: 00:08:19

Health: -4/106     AC:  6    Str: 21    XL:     8   Next: 10%
Magic:  8/8        EV: 13    Int:  8    God:    Trog [****..]
Gold:   222        SH:  0    Dex: 11    Spells: 7/7 levels left

rFire   . . .      SeeInvis .   a - +0 spear
rCold   . . .      Faith    .   (no shield)
rNeg    . . .      Spirit   .   (armour unavailable)
rPois   .          Reflect  .   (helmet restricted)
rElec   .          Harm     .   (no cloak)
rCorr   .          Rampage  .   (no gloves)
Will    +++..                   (no boots)
Stlth   ..........              (no amulet)
HPRegen 1.27/turn               (no ring)
MPRegen 0.11/turn               (no ring)

@: berserking, lethally poisoned (-4 -> -10), strong-willed, regenerating, very
quick
A: breathe power, AC +6, unfitting armour, cold-blooded
a: Breathe Dispelling Energy, Renounce Religion, Berserk, Trog's Hand, Brothers
in Arms


You were on level 5 of the Dungeon.
You worshipped Trog.
Trog was greatly pleased with you.
You visited 1 branch of the dungeon, and saw 5 of its levels.

You collected 222 gold pieces.

Inventory:

Hand Weapons
 a - a +0 spear (weapon)
 p - the +5 short sword "Pek Fon" {pain, Drain rElec rCorr}
   (You found it on level 4 of the Dungeon)

   In the hands of one skilled in necromantic magic, it inflicts extra damage on
   living creatures.
   rElec:     It insulates you from electricity.
   rCorr:     It protects you from acid and corrosion.
   Drain:     It drains your maximum health when unequipped.
   Trog disapproves of the use of such an item.
Jewellery
 r - a ring of protection from fire
Wands
 o - a wand of iceblast (11)
 q - a wand of mindburst (29)
Scrolls
 e - a scroll of fog {unknown}
 f - a scroll of torment {unknown}
 g - 2 scrolls of brand weapon {unknown}
 h - a scroll of holy word {unknown}
 i - a scroll of enchant armour {unknown}
 j - 4 scrolls of identify {unknown}
 l - a scroll of noise {unknown}
Potions
 b - 2 potions of haste {unknown}
 c - a potion of mutation {unknown}
 d - a potion of curing {unknown}
 k - a potion of invisibility {unknown}
 m - 2 potions of attraction {unknown}
 n - a potion of heal wounds {unknown}
 s - a potion of magic {unknown}


   Skills:
 + Level 6.8 Fighting
 + Level 6.3 Polearms
 + Level 5.7 Dodging


You had 7 spell levels left.
You didn't know any spells.
Your spell library was empty.

Dungeon Overview and Level Annotations

Branches:
Dungeon (5/15)
 Temple: D:4-7

Altars:
Cheibriados
Dithmenos

Shops:
D:5 [(


Innate Abilities, Weirdness & Mutations

You can breathe bolts of dispelling energy.
Your rich purple scales are hard. (AC +6)
You cannot fit into any form of body armour.
You are cold-blooded and may be slowed by cold attacks.


Message History

The gnoll sergeant completely misses you.
You barely miss the gnoll.
The gnoll is severely wounded.
You feel sick. The gnoll hits you but does no damage.
You puncture the gnoll!
You kill the gnoll!
Trog accepts your kill.
You feel sick. The gnoll sergeant closely misses you.
The gnoll hits you but does no damage.
You hit the gnoll.
The gnoll is moderately wounded.
You feel sick. The gnoll sergeant closely misses you.
You puncture the gnoll!
Your tail-slap misses the gnoll.
The gnoll is almost dead.
You feel sick. The gnoll hits you but does no damage.
The jackal closely misses you.
You puncture the gnoll!
You kill the gnoll!
Trog accepts your kill.
You feel sick.
You puncture the jackal!
You kill the jackal!
Trog accepts your kill.
You feel sick.
The gnoll sergeant hits you from afar with a +2 spear of venom!
* * * LOW HITPOINT WARNING * * *
You are more poisoned.
The jackal closely misses you.
You are too berserk!
Okay, then.
You puncture the jackal!
You kill the jackal!
Trog accepts your kill.
* * * LOW HITPOINT WARNING * * *
You feel sick.
You closely miss the jackal.
* * * LOW HITPOINT WARNING * * *
You feel sick. The jackal barely misses you.
The gnoll sergeant hits you from afar with a +2 spear of venom!
You die... #... 'h..

#... ####... #..# ##
#...... #..### ...
#...... #....## ...
#...... #.....# ...
#...... ##.....# ...
####..g####......#
...
......gh@....#...#
...
######)##)####...##
... #....# #...#.##
... #.#### ###.#..#
... #. #......###.##
#.######..#.....####
#.........#.........
######...##.........
#.....#.#.......


You could see a gnoll sergeant, a gnoll and a jackal.

Vanquished Creatures
  A hornet zombie (D:5)
  A necrophage (D:5)
  An ogre (D:5)
  A phantom (D:5)
  A scorpion (D:5)
  A water moccasin skeleton (D:5)
  5 hounds
  An iron imp (D:3)
  4 orc wizards
  A hound zombie (D:5)
  15 gnolls (D:5)
  6 adders
  2 ufetubi
  3 worms
  3 dart slugs
  11 orcs
  15 ball pythons
  7 endoplasms
  4 giant cockroaches
  14 goblins
  13 hobgoblins
  10 jackals
  4 quokkas
  5 bats
  3 frilled lizards
  4 kobolds
  9 rats
145 creatures vanquished.

Vanquished Creatures (others)
  An orc wizard (D:4)
1 creature vanquished.

Grand Total: 146 creatures vanquished

Notes
Turn   | Place    | Note
-------+----------+-------------------------------------------
     0 | D:1      | Anon1729 the Draconian Berserker began the quest for the
                  | Orb.
     0 | D:1      | Reached XP level 1. HP: 19/19 MP: 1/1
   260 | D:1      | Reached XP level 2. HP: 25/26 MP: 2/2
   599 | D:1      | Reached XP level 3. HP: 33/33 MP: 3/3
   622 | D:1      | Reached ** piety under Trog
  1410 | D:2      | Reached XP level 4. HP: 36/40 MP: 4/4
  1907 | D:3      | Found a faded altar of an unknown god.
  1919 | D:3      | Reached *** piety under Trog
  2582 | D:3      | Reached XP level 5. HP: 47/47 MP: 5/5
  2584 | D:3      | Found a snail-covered altar of Cheibriados.
  3675 | D:4      | Reached skill level 5 in Fighting
  3695 | D:4      | Reached XP level 6. HP: 44/56 MP: 6/6
  3985 | D:4      | Reached **** piety under Trog
  4202 | D:4      | Identified the +5 short sword "Pek Fon" {pain, Drain rElec
                  | rCorr}
  4231 | D:5      | Entered Level 5 of the Dungeon
  4441 | D:5      | Found a shadowy altar of Dithmenos.
  4447 | D:5      | Reached skill level 5 in Polearms
  4531 | D:5      | Your scales start taking on a rich purple colour.
  4531 | D:5      | Reached XP level 7. HP: 29/62 MP: 7/7
  4756 | D:5      | Reached skill level 5 in Dodging
  5105 | D:5      | Found Unkohu's Weapon Boutique.
  5285 | D:5      | Found Tarchuamp's Antique Armour Shoppe.
  5725 | D:5      | Reached XP level 8. HP: 66/71 MP: 8/8
  5942 | D:5      | Slain by a gnoll sergeant

Illustrated notes

Levels and vault maps discovered:
D:1:      evilmike_arrival_rings, layout_basic, minmay_splitting_lines,
          st_stairs_9, minmay_statues_item
D:2:      layout_basic, ebering_dispersal_statue_hall, minmay_curled_crystal,
          chequers_avenue, minmay_misc_feat_hallway
D:3:      layout_loops_corners, chei_slow_surprise, serial_forest,
          infiniplex_forest_clump_tiny, infiniplex_forest_lined_room_,
          infiniplex_forest_clump_small, infiniplex_forest_zigzag_1,
          infiniplex_forest_lined_room_2, infiniplex_forest_clump_curved,
          infiniplex_forest_pool, shapermc_ecumenical_altar_venn, st_stairs_1
D:4:      minmay_diamond_boxcup, layout_rooms, minmay_goblin_outpost
D:5:      layout_cave_pools, mainiacjoe_overflow_alcove_1,
          nicolae_dithmenos_through_a_glass_darkly, serial_gnoll_camp,
          gnoll_camp_mini_hut, gnoll_camp_mini_sergeant, gnoll_camp_mini_shop,
          gnoll_camp_mini_shop, gnoll_camp_mini_loothouse, gnoll_camp_medium_02

Skill      XL: |  1  2  3  4  5  6  7 |
---------------+----------------------+-----
Dodging        | 3 4 5 |  5.7
Fighting       | 4 5 6 |  6.8
Polearms       | 4 5 6 |  6.3

Action                   |  1- 3 |  4- 6 |  7- 9 || total
-------------------------+-------+-------+-------++-------
Melee: Spear             |   158 |   333 |   213 ||   704
       Tailslap          |     9 |    30 |    26 ||    65
Invok: Trog's Hand       |       |     1 |     1 ||     2
       Berserk           |       |     2 |     2 ||     4
 Stab: Sleeping          |     2 |     2 |       ||     4
Armor: Skin              |    32 |    84 |    55 ||   171
Dodge: Dodged            |    83 |   131 |   127 ||   341

Table legend: (Time is in decaauts)
 A = Elapsed time spent in this place.
 B = Non-inter-level travel time spent in this place.
 C = Inter-level travel time spent in this place.
 D = Time resting spent in this place.
 E = Time spent auto-exploring this place.
 F = Levels seen in this place.
 G = Mean time per level.
                   A        B        C        D        E       F      G
               +--------+--------+--------+--------+--------+-----+--------+
         Total |   5884 |   5780 |    104 |    757 |   4010 |   5 | 1176.8 |
       Dungeon |   5884 |   5780 |    104 |    757 |   4010 |   5 | 1176.8 |
               +--------+--------+--------+--------+--------+-----+--------+

Top non-repeatable levels by time:
     D:4: 1561 daAuts
     D:5: 1275 daAuts
     D:3: 1224 daAuts
     D:1: 1081 daAuts
     D:2: 742 daAuts
